MID
WEST MICHIGAN WHITECAPS @ BURLINGTON BEES
08/17/2049
 
TOP OF THE 1ST
West Michigan Whitecaps batting - Pitching for Burlington Bees : RHP Jon Trujillo
Pitching: RHP Jon Trujillo
Batting: RHB Tanner Purchase 0-0: Ball
1-0: Swinging Strike
1-1: Called Strike
1-2: Ball
2-2: Fly out, F7 (Line Drive, 78M, EV 108.8 MPH)
Batting: RHB Norm Wood 0-0: Foul Ball, location: 2F
0-1: Called Strike
0-2: Ball
1-2: Foul Ball, location: 2F
1-2: Ball
2-2: Ball
3-2: SINGLE (Groundball, 6S, EV 70.6 MPH) (infield hit)
Batting: LHB Jon Frederick 0-0: Ball
Norm Wood steals 2nd base
1-0: Ball
2-0: Ball
3-0: Base on Balls
Batting: RHB J.J. Basil 0-0: Foul Ball, location: 2F
Balk!
Norm Wood to third
Jon Frederick to second
0-1: Foul Ball, location: 2F
0-2: Foul Ball, location: 2F
0-2: Hit by Pitch
Batting: LHB Afanasy Zasekin 0-0: Ball
1-0: Called Strike
1-1: Ball
2-1: Foul Ball, location: 2F
2-2: Fly out, F8 (Flyball, 8LS, EV 85.6 MPH)
Batting: RHB Joel Miller 0-0: Ball
1-0: Called Strike
1-1: Foul Ball, location: 2F
1-2: Foul Ball, location: 2F
1-2: Strikes out swinging
Top of the 1st over - 0 runs, 1 hit, 0 errors, 3 left on base; West Michigan 0 - Burlington 0
BOTTOM OF THE 1ST
Burlington Bees batting - Pitching for West Michigan Whitecaps : RHP Neel Verhelst
Pitching: RHP Neel Verhelst
Batting: RHB Peter Westover 0-0: Ball
1-0: Called Strike
1-1: Ball
2-1: Reached on error, E7 (Flyball, 78S, EV 93.1 MPH)
Batting: RHB Dean LeCroy 0-0: Ball
1-0: Grounds into double play, 6-4-3 (Groundball, 56D, EV 86.2 MPH)
Batting: LHB Pavla Markianov 0-0: Foul Ball, location: 2F
0-1: Ball
1-1: Foul Ball, location: 2F
1-2: Ball
2-2: Foul Ball, location: 2F
2-2: Foul Ball, location: 2F
2-2: Ball
3-2: Foul Ball, location: 2F
3-2: Ground out 6-3 (Groundball, 6M, EV 107.5 MPH)
Bottom of the 1st over - 0 runs, 0 hits, 1 error, 0 left on base; West Michigan 0 - Burlington 0
TOP OF THE 2ND
West Michigan Whitecaps batting - Pitching for Burlington Bees : RHP Jon Trujillo
Batting: RHB Ernst Meloche 0-0: Ball
1-0: Swinging Strike
1-1: Fly out, F8 (Flyball, 8RD, EV 93.1 MPH)
Batting: RHB Keith Hoffman 0-0: Swinging Strike
0-1: Called Strike
0-2: Strikes out swinging
Batting: SHB Chris Wagler 0-0: Called Strike
0-1: Ball
1-1: SINGLE (Line Drive, 7S, EV 90.0 MPH)
Batting: RHB Tanner Purchase 0-0: Ball
1-0: Fielders Choice at 2nd, 6-4 (Groundball, 6, EV 103.1 MPH)
Top of the 2nd over - 0 runs, 1 hit, 0 errors, 1 left on base; West Michigan 0 - Burlington 0
BOTTOM OF THE 2ND
Burlington Bees batting - Pitching for West Michigan Whitecaps : RHP Neel Verhelst
Batting: LHB Ramon Garduno 0-0: Ball
1-0: Called Strike
1-1: SOLO HOME RUN (Flyball, 9D, EV 96.9 MPH), Distance : 394 ft
Batting: LHB Alberto Carrillo 0-0: Called Strike
0-1: Ground out 4-3 (Groundball, 4, EV 81.9 MPH)
Batting: SHB David Vigo 0-0: Foul Ball, location: 2F
0-1: Ball
1-1: Foul Ball, location: 2F
1-2: Ball
2-2: Strikes out swinging, 2-3 out at first.
Batting: RHB Rory Cobb 0-0: Called Strike
0-1: SINGLE (Flyball, 89S, EV 90.6 MPH)
Batting: RHB Arnaud Derosiers 0-0: Called Strike
Rory Cobb steals 2nd base
0-1: Swinging Strike
0-2: Ball
1-2: Ball
2-2: Strikes out swinging
Bottom of the 2nd over - 1 run, 2 hits, 0 errors, 1 left on base; West Michigan 0 - Burlington 1
TOP OF THE 3RD
West Michigan Whitecaps batting - Pitching for Burlington Bees : RHP Jon Trujillo
Batting: RHB Norm Wood 0-0: Reached on error, E1 (Groundball, 15, EV 43.8 MPH)
Batting: LHB Jon Frederick 0-0: Foul Ball, location: 2F
0-1: Called Strike
Norm Wood is caught stealing 2nd base 2-6
0-2: Strikes out swinging
Batting: RHB J.J. Basil 0-0: Called Strike
0-1: Swinging Strike
0-2: Ball
1-2: Strikes out swinging
Top of the 3rd over - 0 runs, 0 hits, 1 error, 0 left on base; West Michigan 0 - Burlington 1
BOTTOM OF THE 3RD
Burlington Bees batting - Pitching for West Michigan Whitecaps : RHP Neel Verhelst
Batting: RHB Dan Burkhart 0-0: Ball
1-0: Called Strike
1-1: Ground out 4-3 (Groundball, 4, EV 86.2 MPH)
Batting: RHB Peter Westover 0-0: SINGLE (Line Drive, 89S, EV 103.1 MPH)
Batting: RHB Dean LeCroy 0-0: Ball
1-0: SINGLE (Line Drive, 9LS, EV 87.5 MPH)
Peter Westover to second
Runner from 2nd tries for 3rd, SAFE, throw by RF made to third
Batting: LHB Pavla Markianov 0-0: Foul Ball, location: 2F
0-1: Ball
1-1: Called Strike
1-2: Foul Ball, location: 2F
1-2: Ball
2-2: DOUBLE (Flyball, 89XD, EV 111.2 MPH)
Peter Westover scores
Dean LeCroy to third
Batting: LHB Ramon Garduno 0-0: SINGLE (Groundball, 56D, EV 100.0 MPH)
Dean LeCroy scores
Pavla Markianov to third
Runner from 3rd tries for Home, SAFE, throw by LF to home
Batting: LHB Alberto Carrillo 0-0: Ball
1-0: Ball
2-0: Foul Ball, location: 2F
2-1: TRIPLE (Flyball, 89XD, EV 95.6 MPH)
Ramon Garduno scores
Batting: SHB David Vigo 0-0: Ball
1-0: Called Strike
1-1: Ball
2-1: Ball
3-1: Ground out 6-3 (Groundball, 6M, EV 83.1 MPH)
Alberto Carrillo scores
Batting: RHB Rory Cobb 0-0: Fly out, F8 (Flyball, 8LD, EV 85.0 MPH)
Bottom of the 3rd over - 5 runs, 5 hits, 0 errors, 0 left on base; West Michigan 0 - Burlington 6
TOP OF THE 4TH
West Michigan Whitecaps batting - Pitching for Burlington Bees : RHP Jon Trujillo
Batting: LHB Afanasy Zasekin 0-0: Ball
1-0: Ball
2-0: Foul Ball, location: 2F
2-1: Called Strike
2-2: Ball
3-2: Base on Balls
Batting: RHB Joel Miller 0-0: Ball
Afanasy Zasekin steals 2nd base
1-0: Swinging Strike
1-1: Swinging Strike
1-2: Strikes out swinging
Batting: RHB Ernst Meloche 0-0: Called Strike
0-1: Ball
1-1: Called Strike
1-2: Strikes out swinging
Batting: RHB Keith Hoffman 0-0: Swinging Strike
0-1: Ball
1-1: Foul Ball, location: 2F
1-2: Strikes out swinging
Top of the 4th over - 0 runs, 0 hits, 0 errors, 1 left on base; West Michigan 0 - Burlington 6
BOTTOM OF THE 4TH
Burlington Bees batting - Pitching for West Michigan Whitecaps : RHP Neel Verhelst
Pitching: RHP Juan Cornejo
Batting: RHB Arnaud Derosiers 0-0: Ball
1-0: Called Strike
1-1: Ball
2-1: Called Strike
2-2: Strikes out swinging
Batting: RHB Dan Burkhart 0-0: Ball
1-0: Ball
2-0: Called Strike
2-1: Ball
3-1: Called Strike
3-2: Foul Ball, location: 2F
3-2: Strikes out swinging
Batting: RHB Peter Westover 0-0: Called Strike
0-1: Ball
1-1: Ball
2-1: Ball
3-1: Foul Ball, location: 2F
3-2: Strikes out looking
Bottom of the 4th over - 0 runs, 0 hits, 0 errors, 0 left on base; West Michigan 0 - Burlington 6
TOP OF THE 5TH
West Michigan Whitecaps batting - Pitching for Burlington Bees : RHP Jon Trujillo
Batting: SHB Chris Wagler 0-0: SINGLE (Line Drive, 3D, EV 97.5 MPH)
Batting: RHB Tanner Purchase 0-0: Ball
1-0: Called Strike
1-1: Ball
Chris Wagler steals 2nd base
2-1: Fly out, F7 (Flyball, 7S, EV 83.1 MPH)
Batting: RHB Norm Wood 0-0: Ball
1-0: Swinging Strike
1-1: Swinging Strike
1-2: Strikes out swinging
Batting: LHB Jon Frederick 0-0: Called Strike
0-1: Foul Ball, location: 2F
0-2: Ball
1-2: Foul Ball, location: 2F
1-2: Strikes out swinging
Top of the 5th over - 0 runs, 1 hit, 0 errors, 1 left on base; West Michigan 0 - Burlington 6
BOTTOM OF THE 5TH
Burlington Bees batting - Pitching for West Michigan Whitecaps : RHP Juan Cornejo
Batting: RHB Dean LeCroy 0-0: Ball
1-0: Ground out 4-3 (Groundball, 4M, EV 109.4 MPH)
Batting: LHB Pavla Markianov 0-0: Called Strike
0-1: Swinging Strike
0-2: Ball
1-2: Strikes out swinging
Batting: LHB Ramon Garduno 0-0: Foul Ball, location: 2F
0-1: Ground out 1-3 (Groundball, 13S, EV 71.9 MPH)
Bottom of the 5th over - 0 runs, 0 hits, 0 errors, 0 left on base; West Michigan 0 - Burlington 6
TOP OF THE 6TH
West Michigan Whitecaps batting - Pitching for Burlington Bees : RHP Jon Trujillo
Batting: RHB J.J. Basil 0-0: Fly out, F8 (Flyball, 8LXD, EV 85.0 MPH)
Batting: LHB Afanasy Zasekin 0-0: Foul Ball, location: 2F
0-1: Swinging Strike
0-2: Strikes out swinging
Batting: RHB Joel Miller 0-0: Fly out, F8 (Flyball, 89M, EV 85.6 MPH)
Top of the 6th over - 0 runs, 0 hits, 0 errors, 0 left on base; West Michigan 0 - Burlington 6
BOTTOM OF THE 6TH
Burlington Bees batting - Pitching for West Michigan Whitecaps : RHP Juan Cornejo
Batting: LHB Alberto Carrillo 0-0: Called Strike
0-1: Called Strike
0-2: Foul Ball, location: 2F
0-2: Ball
1-2: Ball
2-2: Ground out 5-3 (Groundball, 5, EV 90.6 MPH)
Batting: SHB David Vigo 0-0: Ball
1-0: Ball
2-0: Foul Ball, location: 2F
2-1: Ball
3-1: Base on Balls
Pitching: LHP Pete Zamarron
Batting: RHB Rory Cobb 0-0: Ball
Wild Pitch!
David Vigo to second
1-0: Fly out, F9 (Flyball, 9, EV 92.5 MPH)
Batting: RHB Arnaud Derosiers 0-0: SINGLE (Groundball, 56D, EV 106.9 MPH)
David Vigo to third
Runner from 3rd tries for Home, SAFE, throw by LF to home
Batting: RHB Dan Burkhart 0-0: Ball
1-0: Foul Ball, location: 2F
1-1: Foul Ball, location: 2F
1-2: Strikes out swinging
Bottom of the 6th over - 1 run, 1 hit, 0 errors, 1 left on base; West Michigan 0 - Burlington 7
TOP OF THE 7TH
West Michigan Whitecaps batting - Pitching for Burlington Bees : RHP Jon Trujillo
Batting: RHB Ernst Meloche 0-0: Called Strike
0-1: Swinging Strike
0-2: Ball
1-2: Ball
2-2: Foul Ball, location: 2F
2-2: Ball
3-2: Foul Ball, location: 2F
3-2: Strikes out looking
Pitching: LHP Paul Griffin
Batting: RHB Keith Hoffman 0-0: Called Strike
0-1: DOUBLE (Line Drive, 9LD, EV 103.8 MPH)
Batting: SHB Chris Wagler 0-0: Ball
1-0: Swinging Strike
1-1: Swinging Strike
1-2: Ball
2-2: Fly out, F7 (Flyball, 7D, EV 99.4 MPH)
Batting: RHB Tanner Purchase 0-0: SINGLE (Groundball, 56S, EV 68.8 MPH) (infield hit)
Keith Hoffman to third
Batting: RHB Norm Wood 0-0: Ball
Wild Pitch!
Keith Hoffman scores
Tanner Purchase to second
1-0: Swinging Strike
1-1: Ball
Wild Pitch!
Tanner Purchase to third
2-1: SINGLE (Flyball, 4D, EV 93.8 MPH) - OUT at second base trying to stretch hit.
Tanner Purchase scores
Top of the 7th over - 2 runs, 3 hits, 0 errors, 0 left on base; West Michigan 2 - Burlington 7
BOTTOM OF THE 7TH
Burlington Bees batting - Pitching for West Michigan Whitecaps : LHP Pete Zamarron
Batting: RHB Peter Westover 0-0: Ball
1-0: Ball
2-0: Called Strike
2-1: Fly out, F8 (Flyball, 8RS, EV 96.2 MPH)
Batting: RHB Dean LeCroy 0-0: Called Strike
0-1: Ball
1-1: Ground out 5-3 (Groundball, 56, EV 100.0 MPH)
Batting: LHB Pavla Markianov 0-0: Ball
1-0: Ball
2-0: Called Strike
2-1: Foul Ball, location: 2F
2-2: SINGLE (Groundball, 34D, EV 105.0 MPH)
Batting: LHB Ramon Garduno 0-0: Called Strike
0-1: Ball
Wild Pitch!
Pavla Markianov to second
1-1: Ball
2-1: Ball
3-1: Fly out, F7 (Flyball, 7LSF, EV 80.0 MPH)
Bottom of the 7th over - 0 runs, 1 hit, 0 errors, 1 left on base; West Michigan 2 - Burlington 7
TOP OF THE 8TH
West Michigan Whitecaps batting - Pitching for Burlington Bees : LHP Paul Griffin
Batting: LHB Jon Frederick 0-0: Ground out 6-3 (Groundball, P, EV 90.0 MPH)
Batting: RHB J.J. Basil 0-0: Ball
1-0: Ball
2-0: Swinging Strike
2-1: Ball
3-1: Base on Balls
Batting: LHB Afanasy Zasekin 0-0: Called Strike
0-1: Swinging Strike
0-2: Ball
1-2: Ball
2-2: SINGLE (Line Drive, 34D, EV 94.4 MPH)
J.J. Basil to second
Runner from 2nd tries for 3rd, SAFE, throw by RF made to third
Batting: RHB Joel Miller 0-0: SINGLE (Line Drive, 6MD, EV 106.9 MPH)
J.J. Basil scores
Afanasy Zasekin to second
Pitching: RHP Kennie Williams
Batting: RHB Ernst Meloche 0-0: Ball
1-0: Ball
2-0: Grounds into double play, 3-6-1 (Groundball, 34, EV 100.0 MPH)
Top of the 8th over - 1 run, 2 hits, 0 errors, 1 left on base; West Michigan 3 - Burlington 7
BOTTOM OF THE 8TH
Burlington Bees batting - Pitching for West Michigan Whitecaps : LHP Pete Zamarron
Batting: LHB Alberto Carrillo 0-0: Ball
1-0: Ball
2-0: SINGLE (Line Drive, 7LS, EV 109.4 MPH)
Batting: SHB David Vigo 0-0: Ball
1-0: Ball
2-0: Swinging Strike
2-1: Ball
3-1: Base on Balls
Alberto Carrillo to second
Batting: RHB Rory Cobb 0-0: Bunt missed!
0-1: Ball
1-1: Sac Bunt to 3S - play at first, batter OUT! 3-4
Alberto Carrillo to third
David Vigo to second
Batting: RHB Arnaud Derosiers 0-0: SINGLE (Groundball, 4MD, EV 110.0 MPH)
Alberto Carrillo scores
David Vigo to third
Batting: RHB Dan Burkhart 0-0: Swinging Strike
0-1: Ground out 6-3 (Groundball, 6S, EV 73.1 MPH)
David Vigo scores
Arnaud Derosiers to second
Batting: RHB Peter Westover 0-0: Ground out 6-3 (Groundball, 6, EV 107.5 MPH)
Bottom of the 8th over - 2 runs, 2 hits, 0 errors, 1 left on base; West Michigan 3 - Burlington 9
TOP OF THE 9TH
West Michigan Whitecaps batting - Pitching for Burlington Bees : RHP Kennie Williams
Batting: RHB Keith Hoffman 0-0: Ball
1-0: Called Strike
1-1: Ball
2-1: Ball
3-1: Base on Balls
Batting: SHB Chris Wagler 0-0: Called Strike
0-1: Ball
1-1: Fly out, F7 (Flyball, 7D, EV 95.0 MPH)
Batting: RHB Tanner Purchase 0-0: Called Strike
0-1: Foul Ball, location: 2F
0-2: Fielders Choice at 2nd, 4-6 (Groundball, 4, EV 101.2 MPH)
Batting: RHB Norm Wood 0-0: Foul Ball, location: 2F
0-1: Called Strike
0-2: SINGLE (Groundball, 25, EV 68.1 MPH) (infield hit)
Tanner Purchase to second
Batting: LHB Jon Frederick 0-0: Called Strike
0-1: Ball
1-1: Ball
2-1: Foul Ball, location: 2F
2-2: Ground out 4-3 (Groundball, 4, EV 86.9 MPH)
Top of the 9th over - 0 runs, 1 hit, 0 errors, 2 left on base; West Michigan 3 - Burlington 9
Sunday, July 16th , 2023 - OOTP Baseball 24.6 Build 69